 Dungeon Crawl Stone Soup version 0.20-a0-493-g19c8d8d (webtiles) character file.

996 Faca the Cleaver (level 8, 0/68 HPs)
             Began as a Hill Orc Fighter on Jan 16, 2017.
             Slain by an unseen horror (2 damage)
             ... on level 5 of the Dungeon.
             The game lasted 00:11:59 (4620 turns).

Faca the Cleaver (Hill Orc Fighter)                 Turns: 4620, Time: 00:12:00

Health: 0/68       AC: 12    Str: 19      XL:     8   Next: 19%
Magic:  7/7        EV:  6    Int:  6      God:
Gold:   244        SH: 14    Dex: 11 (12) Spells: 7/7 levels left

rFire    . . .     SeeInvis .   a - +0 war axe
rCold    + . .     Gourm    .   n - +0 chain mail
rNeg     . . .     Faith    .   c - +1 shield
rPois    .         Spirit   .   (helmet restricted)
rElec    .         Reflect  .   (no cloak)
rCorr    .         Harm     .   (no gloves)
MR       .....                  (no boots)
Stlth    ..........             (no amulet)
Regen    0.3/turn               m - +2 ring of protection
                                l - ring of flight

@: no status effects
A: antennae 1, large bone plates 1, cold resistance 1, deterioration 1, dopey 1,
low mp 1
a: Evoke Flight


You were on level 5 of the Dungeon.
You were not hungry.

You visited 1 branch of the dungeon, and saw 5 of its levels.

You collected 244 gold pieces.

Inventory:

Hand Weapons
 a - a +0 war axe (weapon)
Armour
 c - a +1 shield (worn)
 n - a +0 chain mail (worn)
 o - a cursed +0 large shield
 p - a cursed +0 helmet
Jewellery
 l - a ring of flight (left hand)
 m - a +2 ring of protection (right hand)
Wands
 j - a wand of digging (11/24)
Scrolls
 b - a scroll of remove curse {unknown}
 e - a scroll of fear
 k - 2 scrolls of teleportation
 q - 3 scrolls of enchant armour
 s - a scroll of identify
 t - 2 scrolls of magic mapping
Potions
 d - a potion of might
 h - 4 potions of brilliance
 i - a potion of resistance
 r - a potion of haste
 u - a potion of lignification
Comestibles
 f - 2 bread rations
 g - a beef jerky


   Skills:
 + Level 5.2 Fighting
 + Level 8.3 Axes
 + Level 6.0 Armour
 + Level 1.1 Dodging
 + Level 5.1 Shields


You had 7 spell levels left.
You didn't know any spells.

Dungeon Overview and Level Annotations

Branches:
Dungeon (5/15)
 Temple: D:4-7

Altars:
Cheibriados
Hepliaklqana
Qazlal
Ru
Sif Muna
Trog
Xom


Innate Abilities, Weirdness & Mutations

You have a pair of small antennae on your head.
You are partially covered in large bone plates. (SH +4)
Your flesh is cold resistant. (rC+)
Your body sometimes deteriorates upon taking damage.
You are dopey. (Int -2)
Your magical capacity is low. (-10% MP)


Message History

Something hits you.
* * * LOW HITPOINT WARNING * * *
Something hits you but does no damage.
Found a stone staircase leading down.
You closely miss something. Something hits you but does no damage.
Something hits you!
* * * LOW HITPOINT WARNING * * *
Your body deteriorates!
You feel clumsy.
You hit something. You block something's attack.
You hit something. Something hits you but does no damage.
You block something's attack.
You barely miss something. Something hits you but does no damage.
You closely miss something. You block something's attack. Something hits you.
* * * LOW HITPOINT WARNING * * *
You closely miss something. Something hits you but does no damage.
You block something's attack.
You see here a runed citrine amulet.
You hit something. Something hits you.
You die...

.# #.##.##### .#
#.##..... .# #......# ##
.# #......## .. .#
#.......# .# ##
#.......# .# #
#######.......###.#.#
....................####
...............{@....>.#
##########....###......#
###### .#.#..# .# .. #
.# ..# .. .# .# # .#


There were no monsters in sight!

Vanquished Creatures
  Grinder (D:4)
  Sigmund (D:5)
  Duvessa (D:4)
  A sky beast (D:5)
  Dowan (D:4)
  A crimson imp (D:5)
  A hound (D:4)
  2 centaur skeletons
  2 worker ants (D:5)
  A hound skeleton (D:4)
  Robin (D:2)
  6 adders
  An ooze (D:1)
  3 worms
  2 dart slugs
  6 leopard geckos
  9 orcs
  5 bats
  3 giant cockroaches
  19 goblins
  10 hobgoblins
  9 jackals
  3 quokkas (D:2)
  2 ball pythons
  6 frilled lizards
  10 kobolds
  10 rats
117 creatures vanquished.

Notes
Turn   | Place    | Note
-------+----------+-------------------------------------------
     0 | D:1      | Faca the Hill Orc Fighter began the quest for the Orb.
     0 | D:1      | Reached XP level 1. HP: 19/19 MP: 1/1
   143 | D:1      | Reached XP level 2. HP: 26/27 MP: 2/2
   265 | D:1      | You fall through a shaft!
   366 | D:1      | Reached XP level 3. HP: 33/33 MP: 3/3
   481 | D:1      | Reached skill level 3 in Axes
  1063 | D:2      | Reached XP level 4. HP: 37/40 MP: 4/4
  1463 | D:2      | Found a bloodstained altar of Trog.
  1464 | D:2      | Found a deep blue altar of Sif Muna.
  1589 | D:2      | Found a snail-covered altar of Cheibriados.
  1811 | D:2      | Noticed Robin
  1831 | D:2      | Killed Robin
  1831 | D:2      | Reached skill level 4 in Axes
  1831 | D:2      | Reached XP level 5. HP: 20/46 MP: 5/5
  2059 | D:2      | Gained mutation: Your body sometimes deteriorates upon taking damage. [potion of mutation]
  2059 | D:2      | Gained mutation: Your spells are a little easier to cast, but a little less powerful. [potion of mutation]
  2059 | D:2      | Gained mutation: Your flesh is cold resistant. (rC+) [potion of mutation]
  2060 | D:2      | Lost mutation: Your spells are a little easier to cast, but a little less powerful. [potion of mutation]
  2060 | D:2      | Gained mutation: You have a pair of small antennae on your head. [potion of mutation]
  2061 | D:2      | Gained mutation: Your flesh is very cold resistant. (rC++) [potion of mutation]
  2062 | D:2      | Gained mutation: You are dopey. (Int -2) [potion of mutation]
  2062 | D:2      | Lost mutation: Your flesh is very cold resistant. (rC++) [potion of mutation]
  2062 | D:2      | Gained mutation: Your magical capacity is low. (-10% MP) [potion of mutation]
  2262 | D:3      | Found a sacrificial altar of Ru.
  2862 | D:3      | Found a shimmering altar of Xom.
  2863 | D:3      | Found a hazy altar of Hepliaklqana.
  2864 | D:3      | Noticed a spectral ugly thing
  2917 | D:3      | Found a stormy altar of Qazlal.
  2977 | D:4      | Noticed Grinder
  2985 | D:4      | Paralysed by Grinder for 7 turns
  2995 | D:4      | HP: 2/47 [Grinder/nerve-wracking pain (14)]
  2996 | D:4      | Killed Grinder
  2996 | D:4      | Reached skill level 5 in Axes
  2996 | D:4      | Reached skill level 5 in Armour
  2996 | D:4      | Reached XP level 6. HP: 3/53 MP: 5/5
  3304 | D:4      | Reached skill level 6 in Axes
  3325 | D:4      | Noticed Duvessa
  3326 | D:4      | Noticed Dowan
  3342 | D:4      | Killed Duvessa
  3342 | D:4      | Reached XP level 7. HP: 55/60 MP: 6/6
  3364 | D:4      | Killed Dowan
  3742 | D:4      | Reached skill level 1 in Dodging
  3891 | D:4      | Reached skill level 7 in Axes
  4198 | D:5      | Entered Level 5 of the Dungeon
  4240 | D:5      | Noticed Sigmund
  4252 | D:5      | Killed Sigmund
  4252 | D:5      | Reached skill level 5 in Fighting
  4500 | D:5      | Reached skill level 8 in Axes
  4500 | D:5      | Reached XP level 8. HP: 60/68 MP: 7/7
  4533 | D:5      | Reached skill level 5 in Shields
  4602 | D:5      | Gained mutation: You are partially covered in large bone plates. (SH +4) [mutagenic meat]
  4617 | D:5      | HP: 2/68 [something (4)]
  4620 | D:5      | Slain by an unseen horror

Vault maps used:
D:1:      dpeg_arrival_fog
D:2:      kennysheep_goblin_castle, nicolae_overflow_hidden_temple,
          serial_curves, eino_curves_04, eino_curves_02, cheibriados_altar_1
D:3:      regret_index_temple_of_mockery, lemuel_doored_altar,
          grunt_qazlal_clouds
D:4:      uniq_grinder, uniq_duvessa
D:5:      nicolae_gozag_seed_capital, first_bread, uniq_sigmund

Skill      XL: |  1  2  3  4  5  6  7  8 |
---------------+-------------------------+-----
Fighting       | 4 5 |  5.2
Axes           | 3 4 5 6 8 |  8.3
Shields        | 4 5 |  5.1
Armour         | 4 5 6 |  6.0
Dodging        | 1 |  1.1

Action                   |  1- 3 |  4- 6 |  7- 9 || total
-------------------------+-------+-------+-------++-------
Melee: War axe           |   124 |   155 |   160 ||   439
  Use: Scroll            |     3 |    10 |     2 ||    15
       Potion            |       |     4 |     1 ||     5
  Eat: Meat ration       |     1 |       |       ||     1
       Fruit             |       |     4 |       ||     4
       Chunk             |       |       |     2 ||     2
       Bread ration      |       |       |     1 ||     1
Armor: Scale mail        |    48 |    57 |       ||   105
       Chain mail        |       |    29 |    93 ||   122
Dodge: Dodged            |    49 |    35 |    37 ||   121
Block: Shield            |    71 |    96 |   102 ||   269
